[ PARTIDA AOE2 · #505638482 ]
UnrankedArmenios vs Tupi
Equipo del jugador · VICT
Equipo rival · DERR
[ ANÁLISIS DE REPETICIÓN · EXTRAÍDO DE LA PARTIDA GRABADA ]
Feudal
12:10
Castillos
21:06
Imperial
33:07
| APM promedio | 46.8 |
| APM pico | 87 |
| eAPM promedio | 27.7 |
| Aldeanos / militares | 159 / 118 |
Foco
⚔️ 38.6% · 🌾 61.4%
Archer ×45 · Skirmisher ×42 · Militia ×24 · Trebuchet (Packed) ×4 · Warrior Priest ×2 · Monk ×1
Feudal
8:53
Castillos
19:50
Imperial
37:12
| APM promedio | 59.8 |
| APM pico | 107 |
| eAPM promedio | 31.3 |
| Aldeanos / militares | 170 / 72 |
Foco
⚔️ 48.3% · 🌾 51.7%
Unknown (2550) ×69 · Archer ×57 · Trebuchet (Packed) ×8 · Monk ×4 · Spearman ×2 · Skirmisher ×1
Mapa de la partida
Recursos iniciales + cada clic de construcción. Líneas = muros · curvas = relieve. ◆ oro · ⬟ piedra · ● bayas · ✦ reliquia · ◌ hueco del cierre
Tu base· ✓ Cerrada en 21:06 · 57t muro · sin puerta
Base de Igo· ✓ Cerrada en 19:50 · 69t muro · sin puerta
Terreno inicial suavizado · ◌ = hueco del cierre detectado · pasá el cursor para detalles
Inputs por minuto
— Hoppsywins - - Igo
Build order — Hoppsywins
Primeras 150 de 435 acciones detectadas
| 0:00 | Crear | Villager (Male) |
| 0:00 | Crear | Villager (Male) |
| 0:03 | Construir | House |
| 0:04 | Construir | House |
| 0:12 | Crear | Villager (Male) |
| 0:19 | Crear | Villager (Male) |
| 1:31 | Crear | Villager (Male) |
| 1:53 | Crear | Villager (Male) |
| 2:08 | Crear | Villager (Male) |
| 2:20 | Construir | Mule Cart |
| 2:30 | Crear | Villager (Male) |
| 3:18 | Crear | Villager (Male) |
| 3:22 | Crear | Villager (Male) |
| 3:29 | Crear | Villager (Male) |
| 3:54 | Construir | House |
| 4:12 | Crear | Villager (Male) |
| 4:21 | Crear | Villager (Male) |
| 4:43 | Construir | Barracks |
| 4:53 | Crear | Villager (Male) |
| 5:04 | Crear | Villager (Male) |
| 5:21 | Construir | House |
| 5:38 | Crear | Militia |
| 5:38 | Crear | Militia |
| 5:38 | Crear | Militia |
| 5:53 | Crear | Villager (Male) |
| 6:04 | Construir | House |
| 6:20 | Crear | Villager (Male) |
| 6:32 | Construir | House |
| 6:34 | Construir | House |
| 6:36 | Crear | Villager (Male) |
| 7:03 | Crear | Villager (Male) |
| 7:16 | Crear | Villager (Male) |
| 7:37 | Construir | Mill |
| 7:37 | Crear | Villager (Male) |
| 8:22 | Crear | Villager (Male) |
| 8:40 | Construir | Farm |
| 8:43 | Construir | Farm |
| 8:44 | Crear | Villager (Male) |
| 9:12 | Construir | Palisade Wall |
| 9:22 | Investigar | Loom |
| 9:30 | Construir | Farm |
| 9:35 | Construir | Palisade Wall |
| 9:37 | Construir | Palisade Wall |
| 9:49 | Investigar | Feudal Age |
| 10:16 | Construir | Mule Cart |
| 11:09 | Crear | Villager (Male) |
| 11:32 | Construir | Farm |
| 11:33 | Construir | Farm |
| 11:56 | Crear | Villager (Male) |
| 12:10 | Edad | Edad Feudal |
| 12:16 | Construir | Palisade Wall |
| 12:21 | Investigar | Double-Bit Axe |
| 12:27 | Construir | Watch Tower |
| 12:33 | Crear | Villager (Male) |
| 12:36 | Investigar | Horse Collar |
| 12:40 | Construir | Farm |
| 12:41 | Construir | Farm |
| 12:43 | Construir | Farm |
| 12:49 | Construir | Palisade Wall |
| 12:57 | Crear | Villager (Male) |
| 13:27 | Construir | Archery Range |
| 13:32 | Crear | Villager (Male) |
| 13:54 | Construir | Farm |
| 13:55 | Crear | Villager (Male) |
| 14:10 | Construir | Farm |
| 14:15 | Construir | House |
| 14:17 | Construir | Blacksmith |
| 14:33 | Crear | Villager (Male) |
| 14:35 | Investigar | Wheelbarrow |
| 14:40 | Crear | Skirmisher |
| 14:44 | Crear | Villager (Male) |
| 14:58 | Crear | Skirmisher |
| 15:00 | Investigar | Fletching |
| 15:05 | Construir | Palisade Wall |
| 15:07 | Construir | Palisade Wall |
| 15:11 | Crear | Skirmisher |
| 15:21 | Crear | Villager (Male) |
| 15:45 | Crear | Skirmisher |
| 15:50 | Construir | Palisade Wall |
| 15:53 | Construir | Palisade Wall |
| 16:09 | Construir | Farm |
| 16:10 | Construir | Farm |
| 16:11 | Construir | Farm |
| 16:11 | Construir | Farm |
| 16:35 | Construir | Farm |
| 16:36 | Construir | Farm |
| 16:36 | Construir | Farm |
| 16:42 | Crear | Villager (Male) |
| 16:52 | Crear | Villager (Male) |
| 17:06 | Construir | House |
| 17:07 | Construir | House |
| 17:08 | Construir | House |
| 17:09 | Construir | House |
| 17:10 | Construir | House |
| 17:12 | Crear | Villager (Male) |
| 17:15 | Crear | Villager (Male) |
| 17:22 | Construir | Market |
| 17:30 | Construir | Palisade Wall |
| 18:05 | Construir | Farm |
| 18:24 | Investigar | Castle Age |
| 19:09 | Construir | Mule Cart |
| 19:48 | Construir | House |
| 19:49 | Construir | House |
| 19:49 | Construir | House |
| 20:09 | Crear | Skirmisher |
| 20:09 | Crear | Skirmisher |
| 21:06 | Edad | Edad de los Castillos |
| 21:07 | Construir | Town Center |
| 21:10 | Crear | Villager (Male) |
| 21:24 | Construir | Town Center |
| 21:26 | Crear | Villager (Male) |
| 21:33 | Investigar | Elite Skirmisher (upgrade) |
| 21:34 | Investigar | Bodkin Arrow |
| 21:43 | Crear | Villager (Male) |
| 21:57 | Investigar | Padded Archer Armor |
| 22:01 | Crear | Villager (Male) |
| 22:10 | Crear | Villager (Male) |
| 22:16 | Construir | House |
| 22:22 | Construir | House |
| 22:31 | Crear | Villager (Male) |
| 22:35 | Crear | Villager (Male) |
| 22:36 | Construir | Farm |
| 22:37 | Crear | Villager (Male) |
| 22:38 | Crear | Villager (Male) |
| 22:46 | Crear | Villager (Male) |
| 22:54 | Crear | Villager (Male) |
| 22:57 | Construir | Farm |
| 22:58 | Construir | Farm |
| 23:16 | Crear | Villager (Male) |
| 23:26 | Crear | Villager (Male) |
| 23:29 | Investigar | Bow Saw |
| 23:33 | Construir | Farm |
| 23:35 | Construir | Farm |
| 23:35 | Crear | Villager (Male) |
| 23:38 | Construir | Farm |
| 23:39 | Construir | Farm |
| 23:46 | Construir | Farm |
| 23:49 | Crear | Villager (Male) |
| 23:54 | Construir | Farm |
| 23:56 | Construir | Farm |
| 23:58 | Construir | Farm |
| 23:59 | Crear | Villager (Male) |
| 24:05 | Construir | Farm |
| 24:08 | Crear | Villager (Male) |
| 24:12 | Construir | Farm |
| 24:18 | Construir | Farm |
| 24:22 | Crear | Villager (Male) |
| 24:32 | Crear | Villager (Male) |
| 24:38 | Construir | Monastery |
| 24:40 | Crear | Villager (Male) |
Build order — Igo
Primeras 150 de 505 acciones detectadas
| 0:00 | Crear | Villager (Male) |
| 0:01 | Crear | Villager (Male) |
| 0:01 | Crear | Villager (Male) |
| 0:01 | Crear | Villager (Male) |
| 0:02 | Construir | House |
| 0:04 | Construir | House |
| 1:11 | Crear | Villager (Male) |
| 1:34 | Crear | Villager (Male) |
| 1:53 | Construir | Settlement |
| 1:58 | Construir | Settlement |
| 2:00 | Crear | Villager (Male) |
| 2:16 | Crear | Villager (Male) |
| 2:52 | Crear | Villager (Male) |
| 3:31 | Crear | Villager (Male) |
| 4:03 | Crear | Villager (Male) |
| 4:23 | Construir | Settlement |
| 4:25 | Crear | Villager (Male) |
| 4:25 | Crear | Villager (Male) |
| 4:59 | Crear | Villager (Male) |
| 5:16 | Crear | Villager (Male) |
| 5:47 | Crear | Villager (Male) |
| 5:52 | Investigar | Loom |
| 6:31 | Construir | Palisade Wall |
| 6:32 | Construir | Palisade Wall |
| 6:32 | Construir | Palisade Wall |
| 6:34 | Construir | Palisade Wall |
| 6:43 | Investigar | Feudal Age |
| 6:43 | Investigar | Feudal Age |
| 7:06 | Construir | Palisade Wall |
| 7:09 | Construir | Palisade Wall |
| 7:15 | Construir | Palisade Wall |
| 7:17 | Construir | Palisade Wall |
| 7:35 | Construir | Palisade Wall |
| 7:35 | Construir | Palisade Wall |
| 7:39 | Construir | Palisade Wall |
| 7:42 | Construir | Palisade Wall |
| 7:44 | Construir | Palisade Wall |
| 7:45 | Construir | Palisade Wall |
| 8:07 | Construir | Barracks |
| 8:23 | Crear | Villager (Male) |
| 8:26 | Construir | Palisade Wall |
| 8:43 | Crear | Villager (Male) |
| 8:53 | Edad | Edad Feudal |
| 8:57 | Construir | Archery Range |
| 9:10 | Investigar | Double-Bit Axe |
| 9:27 | Construir | House |
| 9:29 | Crear | Villager (Male) |
| 9:39 | Crear | Archer |
| 9:48 | Crear | Villager (Male) |
| 10:07 | Construir | Settlement |
| 10:13 | Construir | Palisade Wall |
| 10:14 | Crear | Villager (Male) |
| 10:20 | Construir | Palisade Wall |
| 10:21 | Construir | Palisade Wall |
| 10:25 | Crear | Villager (Male) |
| 10:30 | Construir | Palisade Wall |
| 10:49 | Construir | Farm |
| 10:51 | Construir | Farm |
| 10:54 | Crear | Villager (Male) |
| 11:08 | Crear | Archer |
| 11:09 | Crear | Villager (Male) |
| 11:14 | Construir | Farm |
| 11:21 | Construir | Palisade Wall |
| 11:27 | Crear | Villager (Male) |
| 11:31 | Construir | Farm |
| 11:42 | Construir | Palisade Wall |
| 11:50 | Crear | Villager (Male) |
| 11:52 | Crear | Unit 2550 |
| 12:16 | Crear | Archer |
| 12:18 | Crear | Villager (Male) |
| 12:20 | Construir | Farm |
| 12:34 | Crear | Villager (Male) |
| 12:36 | Construir | Palisade Wall |
| 12:38 | Crear | Villager (Male) |
| 12:40 | Construir | Farm |
| 12:41 | Construir | Farm |
| 12:50 | Construir | House |
| 12:51 | Construir | Palisade Wall |
| 12:53 | Crear | Villager (Male) |
| 13:08 | Crear | Villager (Male) |
| 13:10 | Construir | Palisade Wall |
| 13:13 | Construir | Palisade Wall |
| 13:13 | Crear | Villager (Male) |
| 13:16 | Construir | Farm |
| 13:30 | Construir | Palisade Wall |
| 13:31 | Crear | Villager (Male) |
| 13:35 | Construir | Farm |
| 13:37 | Construir | Farm |
| 13:37 | Crear | Villager (Male) |
| 13:47 | Crear | Archer |
| 13:55 | Construir | Palisade Wall |
| 14:01 | Crear | Villager (Male) |
| 14:08 | Construir | Farm |
| 14:08 | Crear | Villager (Male) |
| 14:11 | Crear | Archer |
| 14:15 | Crear | Villager (Male) |
| 14:33 | Construir | Farm |
| 14:37 | Crear | Archer |
| 14:46 | Construir | Palisade Wall |
| 14:59 | Crear | Villager (Male) |
| 15:18 | Crear | Villager (Male) |
| 15:19 | Crear | Archer |
| 15:25 | Construir | Blacksmith |
| 15:40 | Crear | Archer |
| 15:41 | Crear | Archer |
| 15:45 | Construir | House |
| 16:13 | Crear | Villager (Male) |
| 16:15 | Construir | Farm |
| 16:18 | Construir | House |
| 16:28 | Crear | Archer |
| 16:29 | Crear | Archer |
| 16:35 | Crear | Villager (Male) |
| 16:39 | Construir | Settlement |
| 16:52 | Construir | House |
| 16:58 | Construir | Palisade Wall |
| 16:59 | Crear | Villager (Male) |
| 17:06 | Crear | Archer |
| 17:09 | Investigar | Castle Age |
| 17:14 | Crear | Unit 2550 |
| 17:14 | Crear | Unit 2550 |
| 17:34 | Investigar | Gold Mining |
| 17:41 | Construir | House |
| 17:44 | Crear | Archer |
| 17:45 | Crear | Villager (Male) |
| 17:56 | Crear | Villager (Male) |
| 18:10 | Construir | Archery Range |
| 18:14 | Crear | Archer |
| 18:18 | Crear | Villager (Male) |
| 18:23 | Construir | House |
| 18:27 | Construir | Palisade Wall |
| 18:28 | Crear | Villager (Male) |
| 18:33 | Investigar | Horse Collar |
| 18:35 | Crear | Archer |
| 18:47 | Construir | Farm |
| 18:52 | Crear | Unit 2550 |
| 19:04 | Crear | Villager (Male) |
| 19:15 | Crear | Archer |
| 19:17 | Crear | Villager (Male) |
| 19:23 | Investigar | Padded Archer Armor |
| 19:23 | Investigar | Fletching |
| 19:26 | Crear | Villager (Male) |
| 19:50 | Edad | Edad de los Castillos |
| 19:50 | Investigar | Crossbowman (upgrade) |
| 20:14 | Crear | Villager (Male) |
| 20:16 | Construir | Farm |
| 20:17 | Construir | Farm |
| 20:24 | Construir | House |
| 20:25 | Construir | House |
| 20:27 | Investigar | Bodkin Arrow |
| 20:29 | Crear | Villager (Male) |
Cronología de la partida
| 4:43 | Hoppsywins · first_building Barracks |
| 6:31 | Igo · wall_segment Palisade Wall x1 |
| 6:32 | Igo · wall_segment Palisade Wall x1 |
| 6:32 | Igo · wall_segment Palisade Wall x1 |
| 6:34 | Igo · wall_segment Palisade Wall x1 |
| 7:06 | Igo · wall_segment Palisade Wall x1 |
| 7:09 | Igo · wall_segment Palisade Wall x1 |
| 7:15 | Igo · wall_segment Palisade Wall x1 |
| 7:17 | Igo · wall_segment Palisade Wall x1 |
| 7:35 | Igo · wall_segment Palisade Wall x1 |
| 7:35 | Igo · wall_segment Palisade Wall x1 |
| 7:39 | Igo · wall_segment Palisade Wall x1 |
| 7:42 | Igo · wall_segment Palisade Wall x1 |
| 7:44 | Igo · wall_segment Palisade Wall x1 |
| 7:45 | Igo · wall_segment Palisade Wall x1 |
| 8:07 | Igo · first_building Barracks |
| 8:26 | Igo · wall_segment Palisade Wall x1 |
| 8:53 | Igo · age_up feudal |
| 8:57 | Igo · first_building Archery Range |
| 9:12 | Hoppsywins · wall_segment Palisade Wall x5 |
| 9:35 | Hoppsywins · wall_segment Palisade Wall x10 |
| 9:37 | Hoppsywins · wall_segment Palisade Wall x1 |
| 10:13 | Igo · wall_segment Palisade Wall x1 |
| 10:20 | Igo · wall_segment Palisade Wall x1 |
| 10:21 | Igo · wall_segment Palisade Wall x1 |
| 10:30 | Igo · wall_segment Palisade Wall x4 |
| 11:21 | Igo · wall_segment Palisade Wall x5 |
| 11:42 | Igo · wall_segment Palisade Wall x1 |
| 12:10 | Hoppsywins · age_up feudal |
| 12:16 | Hoppsywins · wall_segment Palisade Wall x12 |
| 12:36 | Igo · wall_segment Palisade Wall x4 |
| 12:49 | Hoppsywins · wall_segment Palisade Wall x4 |
| 12:51 | Igo · wall_segment Palisade Wall x3 |
| 13:10 | Igo · wall_segment Palisade Wall x1 |
| 13:13 | Igo · wall_segment Palisade Wall x6 |
| 13:27 | Hoppsywins · first_building Archery Range |
| 13:30 | Igo · wall_segment Palisade Wall x6 |
| 13:55 | Igo · wall_segment Palisade Wall x1 |
| 14:46 | Igo · wall_segment Palisade Wall x1 |
| 15:05 | Hoppsywins · wall_segment Palisade Wall x3 |
| 15:07 | Hoppsywins · wall_segment Palisade Wall x9 |
| 15:50 | Hoppsywins · wall_segment Palisade Wall x5 |
| 15:53 | Hoppsywins · wall_segment Palisade Wall x5 |
| 16:58 | Igo · wall_segment Palisade Wall x12 |
| 17:30 | Hoppsywins · wall_segment Palisade Wall x6 |
| 18:21 | Hoppsywins · first_market_buy 100 food |
| 18:22 | Hoppsywins · first_market_sell 100 wood |
| 18:27 | Igo · wall_segment Palisade Wall x9 |
| 19:50 | Igo · age_up castle |
| 21:06 | Hoppsywins · age_up castle |
| 24:10 | Igo · first_building Monastery |
| 24:38 | Hoppsywins · first_building Monastery |
| 25:20 | Hoppsywins · wall_segment Palisade Wall x1 |
| 26:43 | Hoppsywins · first_building Siege Workshop |
| 28:29 | Hoppsywins · first_building Castle |
| 33:07 | Hoppsywins · age_up imperial |
| 33:43 | Igo · first_market_sell 100 wood |
| 33:58 | Igo · first_building Castle |
| 37:12 | Igo · age_up imperial |
| 41:49 | Igo · resign |
[ ANÁLISIS IA · 1 CRÉDITO ]
¿Qué pasó realmente en esta partida?
Wolo.gg analiza cada decisión: build order, eco, micro, errores típicos por bracket. Análisis personalizado por WhatsApp o Discord en 30 segundos.
Guía civ
Armenios
Perfil
Hoppsywins